 Dungeon Crawl Stone Soup version 0.31-a0-210-gccc998df9b (webtiles) character file.

Game seed: 16966524891640728867

62 qw the Shooter (level 3, -1/29 HPs)
             Began as a Minotaur Hexslinger on June 29, 2023.
             Slain by a black bear (2 damage)
             ... on level 4 of the Dungeon.
             The game lasted 00:00:24 (986 turns).

qw the Shooter (Minotaur Hexslinger)                 Turns: 986, Time: 00:00:25

Health: -1/29      AC:  5    Str: 12    XL:     3   Next: 85%
Magic:  3/3        EV: 11    Int: 10    God:
Gold:   153        SH:  0    Dex: 14    Spells: 3/4 levels left

rFire   . . .        Y - +1 sling
rCold   . . .        (no shield)
rNeg    . . .        j - +0 ring mail
rPois   .            (helmet restricted)
rElec   .            (no cloak)
rCorr   .            (no gloves)
SInv    .            (no boots)
Will    .....        e - amulet of regeneration
Stlth   +            (no ring)
HPRegen 1.04/turn    (no ring)
MPRegen 0.08/turn

%: no passive effects
@: no status effects
A: horns 2, retaliatory headbutt
a: no special abilities


You were on level 4 of the Dungeon.
You visited 1 branch of the dungeon, and saw 3 of its levels.

You collected 153 gold pieces.


Innate Abilities, Weirdness & Mutations

You have a pair of horns on your head.
You reflexively headbutt those who attack you in melee.


   Skills:
 - Level 2.0 Fighting
 + Level 4.1 Ranged Weapons
 - Level 1.3 Armour
 - Level 2.1 Dodging
 - Level 1.0 Spellcasting
 - Level 2.0 Hexes


You had 3 spell levels left.
You knew the following spells:

 Your Spells              Type           Power      Damage    Failure   Level
a - Slow                  Hex            16%        N/A       32%         1

Your spell library contained the following spells:

 Spells                   Type           Power      Damage    Failure   Level
 Inner Flame              Hex/Fire       2%         N/A       83%         3
 Portal Projectile        Hex/Tloc       4%         N/A       83%         3
 Cause Fear               Hex            2%         N/A       97%         4

Inventory:

Hand Weapons
 Y - a +1 sling (weapon)
Armour
 j - a +0 ring mail (worn)
Jewellery
 e - an amulet of regeneration (around neck)
Scrolls
 a - a scroll of blinking {unknown}
 f - 2 scrolls of identify
 h - a scroll of teleportation
Potions
 i - a potion of might

Dungeon Overview and Level Annotations

Branches:
Dungeon (2/15)

Altars:


Message History

Waypoint 2 assigned to D:4.
You shoot a sling bullet. The sling bullet hits the black bear!
The black bear is moderately wounded.
You shoot a sling bullet. The sling bullet hits the black bear!
The black bear is heavily wounded.
The black bear closely misses you. The black bear barely misses you.
The black bear claws you but does no damage.
You shoot a sling bullet.
The sling bullet barely misses the black bear.
The black bear bites you.
The black bear claws you but does no damage. x2
You shoot a sling bullet.
The sling bullet barely misses the black bear.
The black bear bites you but does no damage.
The black bear claws you but does no damage. x2
The black bear barely misses you. x2; The black bear claws you.
You shoot a sling bullet.
The sling bullet hits the black bear but does no damage.
The black bear is heavily wounded.
The black bear bites you but does no damage.
The black bear claws you. The black bear barely misses you.
You shoot a sling bullet. The sling bullet hits the black bear.
The black bear is severely wounded.
The black bear barely misses you. x3
You shoot a sling bullet. The sling bullet hits the black bear.
The black bear is almost dead.
The black bear goes berserk!
The black bear bites you.
The black bear claws you but does no damage.
The black bear claws you.
You shoot a sling bullet.
The sling bullet barely misses the black bear.
The black bear bites you but does no damage.
The black bear barely misses you. The black bear claws you.
The black bear barely misses you. The black bear misses you.
The black bear claws you.
You shoot a sling bullet. The sling bullet hits the black bear.
The black bear is almost dead.
The black bear bites you! The black bear closely misses you. x2
The black bear bites you! The black bear claws you.
You die...

#########
##.......#######
.........h......
#......@######
#............#
#........###.#
#........#
..........#
#########.# ..
###


You could see a black bear (berserk).

Vanquished Creatures
  3 adders (D:2)
  2 dart slugs
  5 ball pythons
  4 bats
  2 endoplasms
  3 goblins (D:1)
  2 hobgoblins (D:1)
  4 jackals (D:2)
  A quokka (D:1)
  A frilled lizard (D:2)
  2 kobolds (D:1)
  A rat (D:1)
30 creatures vanquished.

Notes
Turn   | Place    | Note
-------+----------+-------------------------------------------
     0 | D:1      | qw the Minotaur Hexslinger began the quest for the Orb.
     0 | D:1      | Reached XP level 1. HP: 16/16 MP: 1/1
     0 | D:1      | 0 ||| qw: Version: 0.3-a-24-ga2abf7b
     0 | D:1      | 0 ||| qw: Game counter: 6767
     0 | D:1      | 0 ||| qw: Melee chars always use a shield: true
     0 | D:1      | 0 ||| qw: God list: Okawaru
     0 | D:1      | 0 ||| qw: Allow faded altars: false
     0 | D:1      | 0 ||| qw: Do Orc after clearing Dungeon:15 true
     0 | D:1      | 0 ||| qw: Do second Lair branch before Depths: true
     0 | D:1      | 0 ||| qw: Lair rune preference: random
     0 | D:1      | 0 ||| qw: Goals: Normal
     0 | D:1      | 0 ||| PLANNING D:1-11
   253 | D:1      | Reached skill level 3 in Ranged Weapons
   256 | D:1      | Reached XP level 2. HP: 23/23 MP: 2/2
   767 | D:1      | 767 ||| UPGRADING to +0 ring mail.
   777 | D:1      | 777 ||| DROPPING +0 robe.
   778 | D:1      | 778 ||| UPGRADING to amulet of regeneration.
   783 | D:1      | 783 ||| READING scroll labelled OKHUVI FUJOON.
   784 | D:1      | 784 ||| READING 2 scrolls labelled ANIHAJ SICZO.
   785 | D:1      | 785 ||| READING scroll labelled JOEBEEL BYSOSAE.
   786 | D:1      | 786 ||| READING 2 scrolls labelled JUTOUL FOOVEM.
   790 | D:1      | 790 ||| DRINKING 2 yellow potions.
   791 | D:1      | 791 ||| DROPPING scroll of poison.
   854 | D:2      | Reached skill level 4 in Ranged Weapons
   854 | D:2      | Reached XP level 3. HP: 25/29 MP: 3/3
   858 | D:2      | Reached skill level 1 in Armour
   975 | D:2      | You fall into a shaft and drop 2 floors!
   977 | D:4      | Noticed a black bear
   986 | D:4      | HP: 1/29 [black bear (11)]
   986 | D:4      | Slain by a black bear

Levels and vault maps discovered:
D:1:      matt_arrival_grand_opening, layout_basic, roderic_lattice_a,
          st_stairs_3
D:2:      layout_loops_ring, shapermc_ecumenical_altar_mp_urbaneastern
D:4:      layout_basic, mainiacjoe_overflow_boulevard,
          mainiacjoe_overflow_cross_hatched, uniq_blork_the_orc

Skill      XL: |  1  2  3 |
---------------+----------+-----
Ranged Weapons | 3 4 |  4.1
Fighting       | 2 |  2.0
Armour         | 1 |  1.3
Dodging        | |  2.1
Spellcasting   | |  1.0
Hexes          | |  2.0

Action                     || total
---------------------------++-------
   Fire: Sling             ||   103
    Use: Scroll            ||     4
         Potion            ||     1
 Armour: Robe              ||    10
         Ring mail         ||    14
  Dodge: Dodged            ||    56

Table legend:
 A = Non-vault XP
 B = Vault XP
 C = Vault XP percentage of total XP
 D = Non-vault monster count
 E = Vault monster count
 F = Vault count percentage of total count
                 A         B        C        D         E       F
            +---------+---------+-------+---------+---------+-------
      Total |      85 |       4 |   4.5 |      29 |       1 |   3.3
            +---------+---------+-------+---------+---------+-------
        D:1 |      26 |       4 |  13.3 |      16 |       1 |   5.9
        D:2 |      59 |       0 |   0.0 |      13 |       0 |   0.0
            +---------+---------+-------+---------+---------+-------
